 Dungeon Crawl Stone Soup version 0.17-a0-1923-gc35365e (webtiles) character file.

307 derrpe the Vexing (level 6, -4/32 HPs)
             Began as a Kobold Enchanter on Sept 28, 2015.
             Slain by an ogre
             ... wielding a +0 giant spiked club
              (9 damage)
             ... on level 4 of the Dungeon.
             The game lasted 00:06:39 (3790 turns).

derrpe the Vexing (Kobold Enchanter)                Turns: 3790, Time: 00:06:39

Health: -4/32      AC:  5    Str: 11    XL:     6   Next: 68%
Magic:  7/9        EV: 15    Int: 15    God:
Gold:   206        SH:  0    Dex: 17    Spells: 3 memorised, 3 levels left

rFire  . . .     SeeInvis .     a - +1 dagger
rCold  . . .     Clarity  .     b - +1 robe
rNeg   . . .     SustAt   .     (shield restricted)
rPois  .         Gourm    .     (no helmet)
rElec  .         Spirit   .     q - +0 cloak
rCorr  .         Warding  .     (no gloves)
rMut   .         Stasis   .     t - +0 pair of boots
MR     .....                    (no amulet)
Stlth  +++.......               (no ring)
                                y - +5 ring of strength

@: not resistant to hostile enchantments, fairly stealthy
A: carnivore 3
a: no special abilities


You were on level 4 of the Dungeon.
You were completely stuffed.

You visited 1 branch of the dungeon, and saw 4 of its levels.

You collected 206 gold pieces.

Inventory:

Hand weapons
 a - a +1 dagger (weapon)
Missiles
 e - 4 poisoned tomahawks (quivered)
Armour
 b - a +1 robe (worn)
 q - a +0 cloak (worn)
 t - a +0 pair of boots (worn)
Jewellery
 y - a +5 ring of strength (left hand)
Scrolls
 f - 2 scrolls of identify {unknown}
 g - a scroll of immolation {unknown}
 k - 3 scrolls of enchant weapon {unknown}
 n - 4 scrolls of fog {unknown}
 o - a scroll of remove curse {unknown}
 s - 2 scrolls of teleportation {unknown}
 v - a scroll of magic mapping {unknown}
 x - a scroll of recharging {unknown}
 B - a scroll of noise {unknown}
Potions
 h - a potion of mutation {unknown}
 j - a potion of invisibility {unknown}
 l - a potion of magic {unknown}
 r - a potion of lignification {unknown}
 u - a potion of curing {unknown}
 w - a potion of flight {unknown}
 z - a potion of heal wounds {unknown}
 A - a potion of agility {unknown}
Books
 c - a book of Maledictions

   Spells                             Type                      Level
   a - Corona                         Hexes                        1
   b - Ensorcelled Hibernation        Hexes/Ice                    2
   c - Confuse                        Hexes                        3
   d - Tukima's Dance                 Hexes                        3
   e - Dazzling Spray                 Conjuration/Hexes            3
Comestibles
 d - a meat ration {@e2}
 i - a royal jelly
 m - 3 chunks of flesh {@w0}
 p - a slice of pizza


   Skills:
 + Level 3.6 Short Blades
 - Level 2.4 Dodging
 - Level 4.6 Stealth
 - Level 2.0 Spellcasting
 + Level 4.7 Hexes
 * Level 3.7 Ice Magic


You had 3 spell levels left.
You knew the following spells:

 Your Spells              Type           Power        Failure   Level  Hunger
a - Corona                Hex            ###....      3%          1    #......
b - Ensorcelled Hibernat  Hex/Ice        ##....       8%          2    ###....
c - Confuse               Hex            ###.....     12%         3    ###....


Dungeon Overview and Level Annotations

Branches:
Dungeon (4/15)
 Temple: D:4-7

Altars:
Xom


Innate Abilities, Weirdness & Mutations

You are small and have problems with some larger weapons.
You are carnivorous and can eat meat at any time.


Message History

Casting: Confuse
Confirm with . or Enter, or press ? or * to list all spells.
Aiming: Ensorcelled Hibernation
Press: ? - help, Shift-Dir - straight line, f - ogre
Aim: an ogre, wielding a giant spiked club (chance to defeat MR: 45%)
The ogre looks drowsy...
The helpless ogre fails to defend itself.
You impale the ogre!!
The ogre is almost dead.
The ogre hits you with a giant spiked club!!
Ouch! That really hurt!
* * * LOW HITPOINT WARNING * * *
Casting: Ensorcelled Hibernation
Confirm with . or Enter, or press ? or * to list all spells.
Aiming: Ensorcelled Hibernation
Press: ? - help, Shift-Dir - straight line, f/p - ogre
Aim: an ogre, wielding a giant spiked club (almost dead, chance to defeat MR: 45%)
The ogre is unaffected.
The ogre hits you with a giant spiked club!
You die...

##.###### #.#
#.......# #.#
#.#####.#
#.#######.$ #.#
#.####..รท.......
#.#
#......#######.$
#.# #.####.#
#.#####.# #.#
#.......# #..
####.#@## ###.
#.#O# .# #.#.# #
#.#.# #.#.#####.
#........#
#.#.###.## ....##
###..#


You could see an ogre.

Vanquished Creatures
  2 hounds (D:4)
  2 orc wizards
  A hound skeleton (D:4)
  4 gnolls (D:3)
  5 adders
  An ooze (D:2)
  2 worms (D:2)
  2 giant geckos (D:4)
  9 orcs
  A bat (D:1)
  4 giant cockroaches (D:1)
  7 goblins
  7 hobgoblins
  13 jackals
  4 kobolds
  2 quokkas (D:4)
  7 giant newts
  8 rats
81 creatures vanquished.

Notes
Turn   | Place    | Note
--------------------------------------------------------------
     0 | D:1      | derrpe the Kobold Enchanter began the quest for the Orb.
     0 | D:1      | Reached XP level 1. HP: 10/10 MP: 3/3
   346 | D:1      | Reached XP level 2. HP: 12/15 MP: 3/5
   614 | D:1      | Learned a level 2 spell: Ensorcelled Hibernation
   650 | D:1      | Reached XP level 3. HP: 16/19 MP: 6/6
  1435 | D:2      | Reached skill level 1 in Ice Magic
  1814 | D:2      | Reached XP level 4. HP: 8/24 MP: 1/7
  2369 | D:3      | Reached XP level 5. HP: 23/28 MP: 1/8
  2576 | D:3      | Learned a level 3 spell: Confuse
  3088 | D:3      | Reached XP level 6. HP: 28/32 MP: 6/9
  3494 | D:4      | Found a shimmering altar of Xom.
  3790 | D:4      | Slain by an ogre

Vault maps used:
D:1:      dpeg_arrival_arbitrary_a, nrook_mini_vaults
D:2:      minmay_newt_pond
D:3:      dk_vineyard_1
D:4:      kennysheep_mini, nicolae_overflow_hidden_temple, kennysheep_mini_moat,
          first_bread, uniq_natasha, uniq_crazy_yiuf_cottage

Action                   |  1- 3 |  4- 6 || total
-------------------------+-------+-------++-------
Melee: Dagger            |   133 |    98 ||   231
Throw: Tomahawk          |     2 |       ||     2
 Cast: Corona            |     8 |       ||     8
       Ensorcelled Hiber |    10 |    29 ||    39
       Confuse           |       |     2 ||     2
  Use: Potion            |     1 |       ||     1
 Stab: Sleeping          |     9 |    35 ||    44
       Distracted        |     1 |     1 ||     2
       Confused          |       |     1 ||     1
  Eat: Chunk             |    12 |     9 ||    21
